 Dungeon Crawl Stone Soup version 0.19.1 (webtiles) character file.

2557 RedPan the Frost Mage (level 9, -29/51 HPs)
             Began as a Deep Elf Ice Elementalist on Dec 26, 2016.
             Was a Follower of Vehumet.
             Killed from afar by a fire dragon (51 damage)
             ... with a blast of flame
             ... on level 9 of the Dungeon.
             The game lasted 00:35:26 (9368 turns).

RedPan the Frost Mage (Deep Elf Ice Elementalist)   Turns: 9368, Time: 00:35:27

Health: -29/51     AC:  7    Str:  7    XL:     9   Next: 31%
Magic:  10/22      EV: 15    Int: 22    God:    Vehumet [*.....]
Gold:   482        SH:  0    Dex: 15    Spells: 5 memorised, 9 levels left

rFire  . . .     SeeInvis .     y - +1 dagger (elec)
rCold  + . .     Gourm    .     D - +1 robe {MR+}
rNeg   . . .     Faith    .     (no shield)
rPois  .         Spirit   .     r - +2 helmet
rElec  .         Reflect  .     (no cloak)
rCorr  .         Harm     .     q - +0 pair of gloves
MR     +....                    (no boots)
Stlth  ++........               (no amulet)
                                a - ring of wizardry
                                u - ring of protection from cold

@: no status effects
A: dopey 1, strong 1, no device heal 1
a: Renounce Religion


You were on level 9 of the Dungeon.
You worshipped Vehumet.
Vehumet was aware of your devotion.
You were not hungry.

You visited 2 branches of the dungeon, and saw 10 of its levels.

You collected 482 gold pieces.

Inventory:

Hand Weapons
 g - a +0 whip of flaming
 o - the +4 Vampire's Tooth {vamp}
   (You found it on level 5 of the Dungeon)

   It inflicts no extra harm, but heals its wielder when it wounds a living foe.
 y - a +1 dagger of electrocution (weapon)
Armour
 h - a +0 pair of gloves
 q - a +0 pair of gloves (worn)
 r - a +2 helmet (worn)
 B - the +2 leather armour "Orin" {*Slow Str+8 Int-2 Slay+3, unknown}
   (You found it on level 5 of the Dungeon)

   It affects your strength (+8).
   It affects your intelligence (-2).
   It affects your accuracy and damage with ranged weapons and melee attacks
   (+3).
   It may slow you when you take damage.
 D - a +1 robe of magic resistance (worn)
 K - the cursed +1 leather armour of Jakken {rN++ Int-2 Dex+2, unknown}
   (You found it on level 8 of the Dungeon)

   It affects your intelligence (-2).
   It affects your dexterity (+2).
   It greatly protects you from negative energy.
   It has a curse placed upon it.
Jewellery
 a - a ring of wizardry (right hand)
 u - a ring of protection from cold (left hand)
 x - a -3 ring of evasion
 z - a +2 ring of evasion
Wands
 p - a wand of digging (2/24)
 v - a wand of lightning (7/15)
 w - a wand of digging (0/24)
 C - a wand of polymorph (18/24)
 J - a wand of lightning (7/15)
 L - a wand of confusion (29/48)
 N - a wand of iceblast (7/15)
 O - a wand of paralysis (8/24)
Scrolls
 e - 9 scrolls of identify
 i - a scroll of enchant armour
 j - 2 scrolls of blinking
 l - 4 scrolls of teleportation
 s - a scroll of fog
 t - 4 scrolls of remove curse
 E - 2 scrolls of enchant weapon
Potions
 d - 2 potions of lignification
 f - a potion of heal wounds
 k - 2 potions of flight
 n - a potion of curing
 I - 3 potions of haste
Books
 b - a book of Frost

   Spells                             Type                      Level
   a - Freeze                         Ice                          1
   b - Throw Frost                    Conjuration/Ice              2
   c - Ozocubu's Armour               Charms/Ice                   3
   d - Throw Icicle                   Conjuration/Ice              4
   e - Summon Ice Beast               Ice/Summoning                4
Comestibles
 c - 5 bread rations
 m - 2 meat rations
 A - 3 fruits
 G - a royal jelly


   Skills:
 - Level 3.3 Fighting
 + Level 5.5 Dodging
 - Level 2.4 Stealth
 + Level 7.5 Spellcasting
 - Level 5.2 Conjurations
 - Level 3.7 Charms
 - Level 4.1 Summonings
 - Level 8.3 Ice Magic


You had 9 spell levels left.
You knew the following spells:

 Your Spells              Type           Power        Failure   Level  Hunger
a - Freeze                Ice            ####         1%          1    None
b - Throw Frost           Conj/Ice       #####.       1%          2    None
c - Ozocubu's Armour      Chrm/Ice       ####....     1%          3    None
d - Throw Icicle          Conj/Ice       #####...     2%          4    ###....
e - Summon Ice Beast      Ice/Summ       #####...     3%          4    ###....


Dungeon Overview and Level Annotations

Branches:
Dungeon (9/15)             Temple (1/1) D:6
   Lair: D:8-11         Orc: D:9-12

Altars:
Ashenzari
Cheibriados
Dithmenos
Elyvilon
Fedhas
Gozag
Hepliaklqana
Kikubaaqudgha
Makhleb
Nemelex Xobeh
Okawaru
Qazlal
Ru
Sif Muna
Trog
Uskayaw
Vehumet
Xom
Yredelemnul
Zin
The Shining One

Shops:
D:7 =

Annotations:
D:4 MirrMurr's ghost, amateur GrGl


Innate Abilities, Weirdness & Mutations

You are dopey. (Int -2)
Your muscles are strong. (Str +2)
Potions and wands are less effective at restoring your health.


Message History

Vehumet accepts your kill. What are your orders? t - Shout!
Orders for allies: a - Attack new target. r - Retreat! s - Stop attacking. g - Guard the area. f - Follow me.
Anything else - Cancel.
Gang up on whom?
Press: ? - help, Dir - move target cursor, f - yak
Aim: a yak Attack!
The yak gores you! The fire dragon bites your ice beast!!
The fire dragon claws your ice beast!
Your ice beast dies!
The fire dragon breathes flames at you. The blast of flame misses you.
The worker ant barely misses you. The fire dragon breathes flames at you.
The blast of flame hits you!
Ouch! That really hurt!
You die...

#.......#........#...#
#.......#............#
#.......####.........# .
#.......#..#.D...#...# ..
#.......#..#.....#...#...
#....##+#..####..#.......
#.......#.......Y........
#.......#......a.........
#.......#..####.@#####...
#....#..#..#.....#...+
#....#.....#.....#...#
#....#.....#####'#...#
#....#######..#......#
#....#..#.....#......#
#....#..#.....#......#
######..#####'#......#
#.<.....................


You could see a fire dragon, a yak and a worker ant.

Vanquished Creatures
  Eustachio (D:4)
  A sky beast (D:8)
  A slave (D:7)
  A necrophage (D:9)
  2 bullfrogs (D:6)
  A water moccasin zombie (D:6)
  Dowan (D:4)
  2 wyvern skeletons
  3 scorpions
  2 howler monkeys (D:5)
  2 bullfrog skeletons
  A centaur zombie (D:5)
  4 orc wizards
  6 worker ants
  A hound skeleton (D:5)
  4 gnolls (D:2)
  11 adders
  An ooze (D:1)
  An adder skeleton (D:4)
  8 worms
  3 dart slugs
  7 leopard geckos
  17 orcs
  10 giant cockroaches
  7 goblins
  3 hobgoblins
  2 kobolds (D:2)
  2 quokkas
  A ball python (D:2)
  6 bats
  4 frilled lizards
  A leopard gecko skeleton (D:4)
  A quokka skeleton (D:4)
  5 rats
123 creatures vanquished.

Vanquished Creatures (collateral kills)
  Pikel (D:7)
  3 yaks (D:9)
  Duvessa (D:4)
  An orc warrior (D:6)
  A slave (D:7)
  2 centaurs (D:8)
  3 bullfrogs
  Blork the orc (D:5)
  2 big kobolds
  A scorpion (D:7)
  A howler monkey (D:8)
  2 crimson imps
  A quasit (D:9)
  A jelly (D:5)
  2 hounds
  2 orc wizards
  An orc priest (D:7)
  3 gnolls (D:6)
  An adder (D:5)
  2 shadow imps
  9 orcs
  A giant cockroach (D:8)
  6 kobolds
48 creatures vanquished.

Vanquished Creatures (others)
  2 slaves (D:7)
2 creatures vanquished.

Grand Total: 173 creatures vanquished

Notes
Turn   | Place    | Note
-------+----------+-------------------------------------------
     0 | D:1      | RedPan the Deep Elf Ice Elementalist began the quest for the Orb.
     0 | D:1      | Reached XP level 1. HP: 10/10 MP: 6/6
   184 | D:1      | Reached XP level 2. HP: 15/15 MP: 5/8
   188 | D:1      | Learned a level 2 spell: Throw Frost
   527 | D:2      | Reached XP level 3. HP: 18/19 MP: 5/10
   621 | D:2      | Reached skill level 4 in Ice Magic
  1343 | D:2      | Reached XP level 4. HP: 24/24 MP: 7/12
  1683 | D:2      | Reached skill level 5 in Spellcasting
  1961 | D:3      | Reached skill level 5 in Ice Magic
  2477 | D:3      | Reached XP level 5. HP: 28/28 MP: 3/14
  2482 | D:3      | Learned a level 3 spell: Ozocubu's Armour
  3003 | D:3      | Found a shimmering altar of Xom.
  3005 | D:3      | Found a shattered altar of Ashenzari.
  3005 | D:3      | Found a sparkling altar of Nemelex Xobeh.
  3007 | D:3      | Found a white marble altar of Elyvilon.
  3007 | D:3      | Found a hide-covered altar of Uskayaw.
  3007 | D:3      | Found a radiant altar of Vehumet.
  3192 | D:4      | Noticed Eustachio
  3217 | D:4      | Killed Eustachio
  3217 | D:4      | Reached skill level 6 in Ice Magic
  3217 | D:4      | Reached XP level 6. HP: 6/32 MP: 0/15
  3350 | D:4      | Noticed MirrMurr's ghost (amateur GrGl)
  4347 | D:4      | Reached skill level 7 in Ice Magic
  4518 | D:4      | Learned a level 4 spell: Throw Icicle
  4543 | D:4      | Learned a level 4 spell: Summon Ice Beast
  4690 | D:4      | Reached XP level 7. HP: 33/36 MP: 10/16
  4750 | D:4      | Reached skill level 1 in Summonings
  4907 | D:4      | Noticed Dowan
  4914 | D:4      | Noticed Duvessa
  4925 | D:4      | Killed Duvessa
  4932 | D:4      | Killed Dowan
  5122 | D:5      | Entered Level 5 of the Dungeon
  5186 | D:5      | Reached skill level 8 in Ice Magic
  5382 | D:5      | Got a crude leather armour
  5485 | D:5      | Noticed Blork the orc
  5499 | D:5      | Killed Blork the orc
  6057 | D:5      | Gained mutation: You are dopey. (Int -2) [potion of mutation]
  6057 | D:5      | Gained mutation: Potions and wands are less effective at restoring your health. [potion of mutation]
  6057 | D:5      | Gained mutation: Your muscles are strong. (Str +2) [potion of mutation]
  6157 | D:6      | Found a staircase to the Ecumenical Temple.
  6167 | Temple   | Entered the Ecumenical Temple
  6425 | Temple   | Became a worshipper of Vehumet
  6473 | D:6      | Reached XP level 8. HP: 39/41 MP: 6/17
  6644 | D:6      | Reached skill level 1 in Fighting
  7213 | D:7      | Noticed Pikel
  7235 | D:7      | Killed Pikel
  7235 | D:7      | Reached skill level 5 in Conjurations
  7333 | D:7      | Reached * piety under Vehumet
  7333 | D:7      | Offered knowledge of Sandblast by Vehumet.
  7498 | D:7      | Found Daav's Jewellery Shop.
  8148 | D:8      | Reached XP level 9. HP: 40/51 MP: 10/20
  8385 | D:8      | Got a blackened leather armour
  8624 | D:8      | Found an opulent altar of Gozag.
  8853 | D:7      | Found a stormy altar of Qazlal.
  9052 | D:9      | Noticed a fire dragon
  9352 | D:9      | Reached skill level 5 in Dodging
  9368 | D:9      | Killed from afar by a fire dragon

Skill      XL: |  1  2  3  4  5  6  7  8  9 |
---------------+----------------------------+-----
Spellcasting   | 4 5 6 7 |  7.5
Ice Magic      | 4 5 6 7 8 |  8.3
Charms         | 3 |  3.7
Summonings     | 4 |  4.1
Conjurations   | 2 5 |  5.2
Fighting       | 3 |  3.3
Dodging        | 3 5 |  5.5
Stealth        | |  2.4

Action                   |  1- 3 |  4- 6 |  7- 9 || total
-------------------------+-------+-------+-------++-------
Melee: Unarmed           |     7 |       |       ||     7
       Short sword       |     5 |       |       ||     5
       Whip              |     1 |   141 |     2 ||   144
       Dagger            |       |       |    57 ||    57
 Cast: Freeze            |    37 |    74 |    41 ||   152
       Throw Frost       |    10 |    38 |    45 ||    93
       Ozocubu's Armour  |       |     1 |       ||     1
       Summon Ice Beast  |       |     1 |    32 ||    33
       Throw Icicle      |       |       |     8 ||     8
Evoke: Wand              |       |       |    12 ||    12
  Use: Scroll            |       |     5 |     8 ||    13
       Potion            |       |     1 |    12 ||    13
 Stab: Sleeping          |     4 |     8 |     2 ||    14
  Eat: Chunk             |     1 |    11 |    15 ||    27
       Beef jerky        |       |       |     1 ||     1
       Fruit             |       |       |     2 ||     2
       Pizza             |       |       |     1 ||     1
Armor: Robe              |     9 |    43 |    42 ||    94
Dodge: Dodged            |    34 |   129 |    87 ||   250
